 Seeded DCSS version 0.31-a0-208-gdb31a4691d (webtiles) character file.

Game seed: 4098300127893667594 (custom seed)

26768 innerfire43 the Cruncher (level 13, -3/107 HPs)
             Began as a Demonspawn Monk on June 28, 2023.
             Was a Priest of Uskayaw.
             Splashed by a goliath frog's acid (8 damage)
             ... on level 1 of the Swamp.
             The game lasted 00:17:00 (13245 turns).

innerfire43 the Cruncher (Demonspawn Monk)         Turns: 13245, Time: 00:17:00

Health: -3/107     AC: 16    Str: 15    XL:     13   Next: 0%
Magic:  13/13      EV: 20    Int: 13    God:    Uskayaw [***...]
Gold:   1334       SH:  4    Dex: 22    Spells: 12/12 levels left

rFire   . . .        s - +9 quarterstaff (heavy)
rCold   . . .        (shield currently unavailable)
rNeg    . . .        N - +3 steam dragon scales
rPois   .            (helmet restricted)
rElec   +            t - +0 cloak
rCorr   .            X - +2 pair of gloves {hurl}
SInv    .            (no boots)
Will    .....        D - amulet of faith
Stlth   +            e - +4 ring of slaying
HPRegen 0.37/turn    i - +6 ring of dexterity
MPRegen 0.13/turn

%: faith
@: corroded, very slow
A: antennae 1, thin metallic scales 3, foul stench 2, icemail 1, condensation
shield
a: Renounce Religion, Stomp, Line Pass


You were on level 1 of the Swamp.
You worshipped Uskayaw.
Uskayaw was noncommittal.
You visited 3 branches of the dungeon, and saw 14 of its levels.

You collected 1334 gold pieces.

Inventory:

Hand Weapons
 a - a +0 spear
 c - a +3 hand axe
 s - a +9 heavy quarterstaff (weapon)
 M - a +1 shortbow of flaming
 W - the +10 long sword "Impslayer" {protect, rF+ Int+3}
   (You found it on level 2 of the Lair of Beasts)

   Int:       It affects your intelligence (+3).
   rF:        It protects you from fire.
Armour
 d - an orb of light
 t - a +0 cloak (worn)
 N - +3 steam dragon scales (worn)
 X - a +2 pair of gloves of hurling (worn)
Jewellery
 e - a +4 ring of slaying (left hand)
 i - a +6 ring of dexterity (right hand)
 j - a ring of protection from fire
 D - an amulet of faith (around neck)
 F - a ring of protection from cold
 R - a ring of see invisible
Wands
 w - a wand of mindburst (15)
 z - a wand of paralysis (17)
 A - a wand of roots (16)
 K - a wand of flame (8)
 O - a wand of digging (2)
 S - a wand of light (1)
Scrolls
 g - 4 scrolls of teleportation
 m - 9 scrolls of identify
 o - 4 scrolls of poison
 p - 2 scrolls of blinking
 q - 2 scrolls of vulnerability
 y - a scroll of amnesia
 C - a scroll of fog
 Q - a scroll of butterflies {unknown}
 V - a scroll of enchant weapon
 Z - 2 scrolls of fear
Potions
 f - a potion of enlightenment {unknown}
 h - 3 potions of lignification {unknown}
 k - 4 potions of resistance {unknown}
 l - 2 potions of haste {unknown}
 v - 7 potions of curing {unknown}
 x - a potion of brilliance {unknown}
 B - a potion of ambrosia
 G - a potion of magic {unknown}
 H - a potion of cancellation {unknown}
 J - a potion of degeneration {unknown}
 L - a potion of berserk rage {unknown}
 P - a potion of attraction {unknown}
 T - a potion of invisibility {unknown}
 U - a potion of mutation {unknown}


   Skills:
 + Level 11.7 Fighting
 - Level 3.6(9.8) Polearms
 * Level 14.0(14.2) Staves
 + Level 10.7 Dodging


You had 12 spell levels left.
You didn't know any spells.
Your spell library contained the following spells:

 Spells                   Type           Power      Damage    Failure   Level
 Beastly Appendage        Tmut           0%         N/A       30%         1
 Magic Dart               Conj           0%         1d3       30%         1
 Summon Small Mammal      Summ           0%         N/A       30%         1
 Call Imp                 Summ           0%         N/A       43%         2
 Searing Ray              Conj           0%         2d4       43%         2
 Wereblood                Tmut           0%         N/A       43%         2
 Call Canine Familiar     Summ           0%         N/A       67%         3
 Dazzling Flash           Conj/Hex       0%         N/A       67%         3
 Mephitic Cloud           Conj/Pois/Air  0%         N/A       67%         3
 Spider Form              Tmut/Pois      0%         N/A       67%         3
 Summon Guardian Golem    Hex/Summ       0%         N/A       67%         3
 Volatile Blastmotes      Fire/Tloc      0%         2d10      67%         3
 Fulminant Prism          Conj/Hex       0%         3d5       97%         4
 Iskenderun's Mystic Bla  Conj/Tloc      0%         2d3       97%         4
 Passage of Golubria      Tloc           0%         N/A       97%         4
 Lee's Rapid Deconstruct  Erth           0%         3d4*      100%        5
 Silence                  Hex/Air        0%         N/A       100%        5
 Starburst                Conj/Fire      0%         6d3       100%        6
 Malign Gateway           Summ/Tloc      0%         N/A       100%        7
 Lehudib's Crystal Spear  Conj/Erth      0%         10d2      100%        8
 Summon Horrible Things   Summ           0%         N/A       100%        8


Dungeon Overview and Level Annotations

Branches:
Dungeon (10/15)            Temple (0/1) D:6            Lair (3/5) D:10
  Swamp (1/4) Lair:3        Snake (0/4) Lair:2
    Orc: D:9-12

Altars:
Cheibriados
Dithmenos
Gozag
Hepliaklqana
Makhleb
Okawaru
Uskayaw

Shops:
D:8 *


Innate Abilities, Weirdness & Mutations

You have a pair of small antennae on your head.
You are completely covered in thin metallic scales. (AC +4, rElec)
You sometimes emit foul miasma when damaged in melee.
A meltable icy envelope protects you from harm. (AC +4)
A meltable shield of frost defends you. (SH +4)


Message History

You block the bunyip's attack. The bunyip completely misses you.
The bunyip claws you!
* * * LOW HITPOINT WARNING * * *
The vampire mosquito misses you. The goliath frog barely misses you.
The swamp worm bites you!
* * * LOW HITPOINT WARNING * * *
An alligator comes into view.
A bunyip comes into view.
You bludgeon the bunyip!!
The bunyip is severely wounded.
The vampire mosquito bites you but does no damage.
You block the vampire mosquito's attack.
The vampire mosquito misses you.
The goliath frog hits you but does no damage.
The swamp worm barely misses you.
You block the vampire mosquito's attack.
The spriggan druid completely misses you.
Uskayaw will force your foes to helplessly watch your dance.
Uskayaw prepares the audience for your solo!
You feel much better.
The bunyip is no longer paralysed.
The goliath frog is no longer paralysed.
The alligator is no longer paralysed.
The spriggan druid is no longer paralysed.
The bunyip is no longer paralysed.
The swamp worm is no longer paralysed.
The goliath frog closely misses you.
The swamp worm bites you but does no damage.
The spriggan druid points at you and mumbles some strange words.
The stone arrow hits you!!
* * * LOW HITPOINT WARNING * * *
Your unstable footing causes you to fumble your attack.
The vampire mosquito is no longer paralysed. x2
The vampire mosquito bites you.
* * * LOW HITPOINT WARNING * * *
The vampire mosquito draws strength from your injuries!
The vampire mosquito bites you.
* * * LOW HITPOINT WARNING * * *
The vampire mosquito draws strength from your injuries!
The goliath frog hits you from afar.
* * * LOW HITPOINT WARNING * * *
You are splashed with acid!
You die...

~~~~~~~~~~~.§≈≈≈≈≈
.~§...~ ~.~~~~~§~~≈≈≈..~
...~~.~ ♣♣.~~~~~~§≈≈≈~<.
~.~~~..♣♣...~~~~~§≈≈≈~~.
~.~x~(..♣..t~..~~.~≈≈~≈≈
~.~~~~~...~~~..~~..)~≈≈≈
~..~§§~~.F~~§..~~~~.~≈≈≈
..~~~.yxy~♣♣.?~~~...)~.~
~.~~~.i@♣♣ ♣..~~~.~~.♣♣♣
...?..w~?~♣♣~.~§.....♣
.♣...[~§.~♣♣♣~....♣..♣
!.~~...~.♣♣ ♣.♣...§.~~.
..~§.♣~..♣ .....~..~~.~
...(~♣♣..♣ .~..♣♣♣.~~~(.
.... ♣~~> ~♣ ♣~~... ♣♣♣.
♣♣.~


You could see 2 bunyips, an alligator, a spriggan druid, a goliath frog, a swamp
worm and 2 vampire mosquitoes.

Vanquished Creatures
  The ghost of gelatine the Cleaver, a journeyman DsFi (Lair:2)
  4 hydras (Lair:2)
  A two-headed ogre (D:9)
  A skyshark (Lair:2)
  4 black mambas
  9 cane toads
  6 komodo dragons
  A rime drake (Lair:3)
  A kobold demonologist (D:10)
  A polar bear (Lair:3)
  A tyrant leech (Lair:3)
  3 hornets (Swamp:1)
  6 dream sheep (Lair:3)
  8 blink frogs
  A vampire (D:9)
  3 spriggans (Swamp:1)
  A wraith (D:9)
  A wyvern (Lair:3)
  35 yaks
  5 basilisks
  3 steam dragons
  3 nagas (Lair:2)
  2 wargs (D:10)
  7 water moccasins
  An orc warrior (D:9)
  3 black bears
  5 ogres (D:9)
  11 wolves
  3 centaurs
  A phantom (D:5)
  3 kobold brigands
  11 bullfrogs
  A gnoll sergeant (D:8)
  4 scorpions
  5 wights (D:6)
  6 killer bees (D:9)
  An electric eel (D:8)
  2 howler monkeys (D:10)
  A lava snake (D:8)
  5 hounds
  Crazy Yiuf (D:2)
  7 orc priests
  4 jellies
  4 gnoll boudas
  A sleepcap (D:5)
  Jessica (D:2)
  4 iguanas
  4 orc wizards
  5 adders
  18 gnolls
  2 shadow imps
  2 white imps
  2 ufetubi
  A worm (D:5)
  3 dart slugs (D:4)
  23 orcs
  10 bats
  9 endoplasms
  3 giant cockroaches
  7 goblins
  12 hobgoblins
  7 jackals (D:4)
  2 quokkas (D:1)
  6 ball pythons
  6 frilled lizards
  14 kobolds
  6 rats
335 creatures vanquished.

Notes
Turn   | Place    | Note
-------+----------+-------------------------------------------
     0 | D:1      | innerfire43 the Demonspawn Monk began the quest for the
                  | Orb.
     0 | D:1      | Reached XP level 1. HP: 18/18 MP: 1/1
   206 | D:1      | Gained mutation: You may rarely emit foul miasma when
                  | damaged in melee. [demonic ancestry]
   206 | D:1      | Reached XP level 2. HP: 24/24 MP: 2/2
   756 | D:1      | Reached XP level 3. HP: 22/29 MP: 3/3
   972 | D:2      | Noticed Jessica
   981 | D:2      | Killed Jessica
  1082 | D:2      | Gained mutation: You are partially covered in thin metallic
                  | scales. (AC +2) [demonic ancestry]
  1082 | D:2      | Reached XP level 4. HP: 35/37 MP: 4/4
  1544 | D:2      | Found a runed translucent door.
  1545 | D:2      | Noticed Crazy Yiuf
  1790 | D:2      | HP: 1/35 [Crazy Yiuf/+4 quarterstaff of chaos (2)]
  1801 | D:2      | Killed Crazy Yiuf
  2028 | D:3      | Found an opulent altar of Gozag.
  2028 | D:3      | Found an iron altar of Okawaru.
  2028 | D:3      | Found a hide-covered altar of Uskayaw.
  2197 | D:3      | Gained mutation: A meltable shield of frost defends you.
                  | (SH +4) [demonic ancestry]
  2197 | D:3      | Reached XP level 5. HP: 42/42 MP: 5/5
  2295 | D:3      | Reached skill level 1 in Staves
  2826 | D:3      | Became a worshipper of Uskayaw the Reveller
  2826 | D:3      | Reached * piety under Uskayaw
  2965 | D:4      | Reached ** piety under Uskayaw
  2967 | D:4      | Reached *** piety under Uskayaw
  2968 | D:4      | Reached skill level 2 in Staves
  3079 | D:4      | Reached XP level 6. HP: 35/49 MP: 6/6
  3258 | D:4      | Reached skill level 3 in Staves
  3640 | D:5      | Entered Level 5 of the Dungeon
  3761 | D:5      | Reached skill level 5 in Fighting
  3761 | D:5      | Gained mutation: You have a pair of small antennae on your
                  | head. [demonic ancestry]
  3761 | D:5      | Reached XP level 7. HP: 55/56 MP: 7/7
  3875 | D:5      | Reached skill level 4 in Staves
  3905 | D:5      | HP: 1/56 [orc priest/divine providence (11)]
  3911 | D:5      | HP: 1/56 [something (3)]
  3913 | D:5      | Reached **** piety under Uskayaw
  4558 | D:6      | Noticed a yak
  4560 | D:6      | Noticed a yak
  4562 | D:6      | Noticed a yak
  4573 | D:6      | Noticed a yak
  4573 | D:6      | Noticed a yak
  4581 | D:5      | Killed a yak
  4582 | D:5      | Reached skill level 5 in Dodging
  4582 | D:5      | Gained mutation: You are mostly covered in thin metallic
                  | scales. (AC +3) [demonic ancestry]
  4582 | D:5      | Reached XP level 8. HP: 47/64 MP: 8/8
  4648 | D:5      | Reached skill level 5 in Staves
  4767 | D:5      | Reached ***** piety under Uskayaw
  4768 | D:5      | Reached skill level 6 in Staves
  5098 | D:6      | Found a staircase to the Ecumenical Temple.
  5120 | D:6      | Gained mutation: A meltable icy envelope protects you from
                  | harm. (AC +4) [demonic ancestry]
  5120 | D:6      | Reached XP level 9. HP: 68/71 MP: 9/9
  5157 | D:6      | Found a shadowy altar of Dithmenos.
  5271 | D:6      | You fall into a shaft and drop 2 floors!
  5277 | D:8      | Found a snail-covered altar of Cheibriados.
  5295 | D:8      | Found Cisaho's General Store.
  5426 | D:6      | Reached skill level 7 in Staves
  6250 | D:7      | Found a hazy altar of Hepliaklqana.
  6789 | D:8      | Reached skill level 8 in Staves
  7519 | D:9      | Identified a scroll of acquirement
  7519 | D:9      | Acquired 574 gold pieces
  7601 | D:9      | Gained mutation: You sometimes emit foul miasma when
                  | damaged in melee. [demonic ancestry]
  7601 | D:9      | Reached XP level 10. HP: 80/80 MP: 10/10
  7704 | D:9      | Reached skill level 9 in Staves
  7705 | D:9      | Reached ****** piety under Uskayaw
  7946 | D:9      | Found a burning altar of Makhleb.
  8108 | D:9      | Noticed a two-headed ogre
  8119 | D:9      | Killed a two-headed ogre
  8596 | D:10     | Entered Level 10 of the Dungeon
  8614 | D:10     | Reached skill level 10 in Staves
  8800 | D:10     | Found a staircase to the Lair.
  8877 | Lair:1   | Entered Level 1 of the Lair of Beasts
  8885 | Lair:1   | Noticed a black mamba
  8894 | Lair:1   | Killed a black mamba
  8949 | Lair:1   | Reached XP level 11. HP: 86/89 MP: 11/11
  8996 | Lair:1   | Reached skill level 11 in Staves
  9855 | Lair:1   | Reached skill level 10 in Fighting
 10084 | Lair:2   | Found a runed translucent gate.
 10085 | Lair:2   | Noticed a nine-headed hydra
 10086 | Lair:2   | Found a runed translucent gate.
 10086 | Lair:2   | Found a runed translucent gate.
 10088 | Lair:2   | Noticed a ten-headed hydra
 10088 | Lair:2   | Noticed gelatine's ghost (journeyman DsFi)
 10159 | Lair:2   | Reached skill level 12 in Staves
 10225 | Lair:2   | Noticed a four-headed hydra
 10231 | Lair:2   | Killed a four-headed hydra
 10338 | Lair:2   | Reached XP level 12. HP: 83/98 MP: 12/12
 10863 | Lair:2   | Reached skill level 10 in Dodging
 11086 | Lair:2   | Found a staircase to the Snake Pit.
 11094 | Lair:2   | Reached skill level 13 in Staves
 11160 | Lair:2   | Noticed a four-headed hydra
 11167 | Lair:2   | Killed a four-headed hydra
 11556 | Lair:2   | Killed a ten-headed hydra
 11558 | Lair:2   | Killed a nine-headed hydra
 11564 | Lair:2   | Killed gelatine's ghost
 11570 | Lair:2   | Identified the +10 long sword "Impslayer" {protect, rF+
                  | Int+3}
 12409 | Lair:3   | Found a staircase to the Swamp.
 12920 | Swamp:1  | Entered Level 1 of the Swamp
 12933 | Swamp:1  | Reached skill level 14 in Staves
 13015 | Swamp:1  | Gained mutation: You are completely covered in thin
                  | metallic scales. (AC +4, rElec) [demonic ancestry]
 13015 | Swamp:1  | Reached XP level 13. HP: 27/107 MP: 13/13
 13235 | Swamp:1  | Noticed a bunyip
 13242 | Swamp:1  | Noticed a bunyip
 13245 | Swamp:1  | HP: 5/107 [goliath frog (2)]
 13245 | Swamp:1  | Splashed by a goliath frog's acid

Illustrated notes

Levels and vault maps discovered:
D:1:      lemuel_arrival_river_passageway, layout_basic
D:2:      layout_loops_cross, minmay_fractal_squares_5, uniq_crazy_yiuf_cottage,
          uniq_jessica
D:3:      layout_basic, chequers_temple_overflow_statue_of_worship,
          grunt_decor_cap
D:4:      layout_basic
D:5:      layout_basic
D:6:      layout_basic, nicolae_dithmenos_the_darkroom,
          minmay_temple_entry_large_hall
D:7:      layout_basic, mainiacjoe_overflow_alcove_2
D:8:      layout_loops_ring, cheibriados_altar_1, serial_shops,
          nicolae_shop_tiny_glass, nicolae_water_bricks, kennysheep_donut
D:9:      kennysheep_seaside_town, layout_basic, kennysheep_mini
D:10:     layout_irregular_city, erik_lair_orcish_takeover
Lair:1:   layout_roguey
Lair:2:   layout_cave_pods, nicolae_snake_entry_squirm,
          gammafunk_ghost_hydra_chop, serial_bayou_shore_b
Lair:3:   layout_cave_pods, minmay_swamp_entry_worms
Swamp:1:  layout_basic_swamp, evilmike_swamp_ruin_house_5,
          infiniplex_staircase_pool_2

Skill      XL: |  1  2  3  4  5  6  7  8  9 10 11 12 |
---------------+-------------------------------------+-----
Polearms       | 3 |  3.6
Dodging        | 3 4 5 6 7 8 9 10 | 10.7
Fighting       | 4 5 6 8 9 10 11 | 11.7
Staves         | 2 3 4 6 8 10 12 14 | 14.0

Action                     |  1- 3 |  4- 6 |  7- 9 | 10-12 | 13-15 || total
---------------------------+-------+-------+-------+-------+-------++-------
  Melee: Spear             |   105 |    44 |       |       |       ||   149
         Quarterstaff      |       |   103 |   215 |   478 |     9 ||   805
    Use: Scroll            |       |     6 |    13 |     3 |       ||    22
         Potion            |       |     1 |     3 |     1 |     1 ||     6
   Stab: Sleeping          |       |     5 |     2 |     6 |       ||    13
         Paralysed         |       |     2 |    10 |    29 |       ||    41
         Distracted        |       |       |       |     1 |       ||     1
 Armour: Robe              |    10 |    36 |    56 |       |       ||   102
         Steam dragon scal |       |       |     2 |   107 |     7 ||   116
  Dodge: Dodged            |    47 |   100 |   172 |   306 |    18 ||   643
  Block: Other             |       |    21 |    42 |    53 |     5 ||   121

Table legend: (Time is in decaauts)
 A = Elapsed time spent in this place.
 B = Non-inter-level travel time spent in this place.
 C = Inter-level travel time spent in this place.
 D = Time resting spent in this place.
 E = Time spent auto-exploring this place.
 F = Levels seen in this place.
 G = Mean time per level.
                   A        B        C        D        E       F      G
               +--------+--------+--------+--------+--------+-----+--------+
         Total |  13154 |  12870 |    284 |      0 |  10652 |  14 |  939.6 |
       Dungeon |   8868 |   8629 |    239 |      0 |   7068 |  10 |  886.8 |
          Lair |   3958 |   3913 |     45 |      0 |   3309 |   3 | 1319.3 |
         Swamp |    326 |    326 |      0 |      0 |    274 |   1 |  326.0 |
               +--------+--------+--------+--------+--------+-----+--------+

Top non-repeatable levels by time:
  Lair:2: 1617 daAuts
     D:5: 1253 daAuts
     D:9: 1224 daAuts
  Lair:3: 1207 daAuts
  Lair:1: 1133 daAuts
     D:8: 1103 daAuts
     D:2: 1049 daAuts
     D:3: 993 daAuts
     D:1: 906 daAuts
     D:7: 751 daAuts
     D:4: 711 daAuts
     D:6: 602 daAuts
 Swamp:1: 326 daAuts
    D:10: 273 daAuts
